 Dungeon Crawl Stone Soup version 0.18.1-50-g88ac8fd (webtiles) character file.

60 Gargoyl the Skirmisher (level 3, 0/29 HPs)
             Began as a Demonspawn Abyssal Knight on Sept 23, 2016.
             Was a Believer of Lugonu.
             Slain by a worm (5 damage)
             ... on level 2 of the Dungeon.
             The game lasted 00:02:52 (1255 turns).

Gargoyl the Skirmisher (Demonspawn Abyssal Knight)  Turns: 1255, Time: 00:02:52

Health: 0/29       AC:  9    Str: 13    XL:     3   Next: 82%
Magic:  5/5        EV: 10    Int: 13    God:    Lugonu [**....]
Gold:   70         SH:  3    Dex: 12    Spells: 0 memorised, 2 levels left

rFire  + . .     SeeInvis .     a - +1 hand axe
rCold  + + .     Gourm    .     i - +2 ring mail {MR+}
rNeg   . . .     Faith    .     j - +0 buckler
rPois  +         Spirit   .     k - +0 helmet
rElec  +         Dismiss  .     (no cloak)
rCorr  +         Reflect  .     (no gloves)
SustAt .         Harm     .     (no boots)
MR     +....                    (no amulet)
Stlth  +.........               (no ring)
                                (no ring)

@: resistant, somewhat resistant to hostile enchantments, very unstealthy
A: molten scales 1, cold resistance 1
a: Depart the Abyss, Bend Space, Renounce Religion


You were on level 2 of the Dungeon.
You worshipped Lugonu.
Lugonu was pleased with you.
You were hungry.

You visited 1 branch of the dungeon, and saw 2 of its levels.
You visited the Abyss 1 time.

You collected 70 gold pieces.

Inventory:

Hand Weapons
 a - a +1 hand axe (weapon)
Armour
 i - a +2 ring mail of magic resistance (worn)
 j - a +0 buckler (worn)
 k - a +0 helmet (worn)
Scrolls
 b - a scroll of fog {unknown}
 g - 5 scrolls of identify {unknown}
Miscellaneous
 h - an ornate deck of changes {drawn: 1}
Comestibles
 c - a bread ration
 f - 5 fruits


   Skills:
 + Level 3.5 Fighting
 + Level 2.3 Axes
 * Level 2.3 Armour
 + Level 1.4 Dodging
 * Level 3.0 Invocations


You had 2 spell levels left.
You didn't know any spells.

Dungeon Overview and Level Annotations

Branches:
Dungeon (2/15)

Altars:


Innate Abilities, Weirdness & Mutations

You are partially covered in molten scales (AC +1).
Your flesh is cold resistant.


Message History

You hit the jackal.
The jackal is heavily wounded.
You feel less woody.
Your +0 helmet unmelds from your body.
Your +2 ring mail of magic resistance unmelds from your body.
You feel resistant to hostile enchantments.
The jackal closely misses you.
You hit the jackal.
You kill the jackal!
Lugonu accepts your kill.
You hit the worm.
The worm is moderately wounded.
You hit the worm.
The worm is heavily wounded.
The worm bites you.
* * * LOW HITPOINT WARNING * * *
You hit the worm.
The worm is heavily wounded.
The worm bites you.
You die...

... #.. #(# #.#
#.# .# . #)# .#
!..%#####.##.#
.......@w....#.#
....#####......#
. ..##..#?....
###########.##..#
####
#.........#.##..#
#.#######.#.##).#
#......<#.#.##..#
#########.#.##..#
..............#


You could see a worm.

Vanquished Creatures
  An adder (D:2)
  An ooze (D:1)
  4 dart slugs (D:1)
  A giant gecko (D:1)
  5 bats (D:1)
  A giant cockroach (D:1)
  2 goblins (D:1)
  2 hobgoblins (D:1)
  4 jackals (D:2)
  4 giant newts (D:1)
  9 kobolds
  5 rats (D:1)
  A plant (D:1)
40 creatures vanquished.

Notes
Turn   | Place    | Note
--------------------------------------------------------------
     0 | Abyss:1  | Gargoyl the Demonspawn Abyssal Knight began the quest for the Orb.
     0 | Abyss:1  | Reached XP level 1. HP: 18/18 MP: 2/2
    47 | Abyss:2  | Noticed a raiju
    47 | Abyss:2  | Noticed an ancient zyme
    48 | D:1      | Escaped the Abyss
   118 | D:1      | Gained mutation: You are partially covered in molten scales (AC +1). [demonic ancestry]
   118 | D:1      | Reached XP level 2. HP: 20/24 MP: 3/3
   168 | D:1      | Reached * piety under Lugonu
   420 | D:1      | Reached skill level 1 in Dodging
   446 | D:1      | Gained mutation: Your flesh is cold resistant. [demonic ancestry]
   446 | D:1      | Reached XP level 3. HP: 20/29 MP: 5/5
  1239 | D:2      | Reached ** piety under Lugonu
  1255 | D:2      | Slain by a worm

Skill      XL: |  1  2  3 |
---------------+----------+-----
Armour         | 2 |  2.3
Axes           | 2 |  2.3
Dodging        | 1 |  1.4
Invocations    | 3 |  3.0
Fighting       | |  3.5

Action                   || total
-------------------------++-------
Melee: Hand axe          ||   171
Invok: Depart the Abyss  ||     1
Evoke: Deck              ||     1
  Use: Potion            ||     2
  Eat: Chunk             ||     1
Armor: Ring mail         ||    64
       Leather armour    ||     5
       Skin              ||    25
Dodge: Dodged            ||    71
Block: Buckler           ||    21
